 Dungeon Crawl Stone Soup version 0.22-a0-458-gb446440 (webtiles) character file.

551 4thArraOfDagon the Chopper (level 7, 0/61 HPs)
             Began as a Hill Orc Fighter on June 8, 2018.
             Was a Follower of Uskayaw.
             Slain by a wight
             ... wielding a cursed +4 war axe of freezing
              (1 damage)
             ... on level 7 of the Dungeon.
             The game lasted 00:06:05 (1186 turns).

4thArraOfDagon the Chopper (Hill Orc Fighter)       Turns: 1186, Time: 00:06:06

Health: 0/61       AC:  7    Str: 24    XL:     7   Next: 29%
Magic:  9/9        EV:  9    Int: 10    God:    Uskayaw [*.....]
Gold:   148        SH:  0    Dex: 10    Spells: 2/6 levels left

rFire    . . .     SeeInvis .   a - +0 war axe
rCold    . . .     Gourm    .   (no shield)
rNeg     . . .     Faith    .   b - +0 scale mail
rPois    .         Spirit   .   (no helmet)
rElec    .         Reflect  .   (no cloak)
rCorr    .         Harm     .   (no gloves)
MR       .....                  (no boots)
Stlth    ..........             (no amulet)
HPRegen  0.20/turn              (no ring)
MPRegen  0.11/turn              (no ring)

@: mighty, drained
A: no striking features
a: Stomp, Renounce Religion


You were on level 7 of the Dungeon.
You worshipped Uskayaw.
Uskayaw was noncommittal.
You were hungry.

You visited 1 branch of the dungeon, and saw 7 of its levels.

You collected 148 gold pieces.

Inventory:

Hand Weapons
 a - a +0 war axe (weapon)
Armour
 b - a +0 scale mail (worn)
Scrolls
 c - 2 scrolls of identify
 e - a scroll of teleportation {unknown}
 g - a scroll of immolation {unknown}
 h - a scroll of magic mapping
 k - a scroll of remove curse
Potions
 i - 2 potions of curing
Comestibles
 f - 3 rations


   Skills:
 + Level 5.5(4.8) Fighting
 * Level 6.9(6.2) Axes
 + Level 5.0(4.3) Armour
   Level 3.2(2.6) Shields
 - Level 0.1(0.0) Fire Magic
 + Level 3.4(2.7) Invocations


You had 2 spell levels left.
You knew the following spells:

 Your Spells              Type           Power        Failure   Level  Hunger
a - Sticky Flame          Conj/Fire      #.......     100%        4    #####..

Your spell library contained the following spells:

 Spells                   Type           Power        Failure   Level  Hunger
 Fireball                 Conj/Fire      #.........   100%        5    ######.
 Conjure Flame            Conj/Fire      #.......     95%         3    ####...
 Throw Flame              Conj/Fire      #.....       80%         2    ###....
 Animate Dead             Necr           N/A          100%        4    #####..
 Pain                     Necr           #...         65%         1    ##.....
 Animate Skeleton         Necr           N/A          65%         1    ##.....
 Vampiric Draining        Necr           #.........   95%         3    ####...
 Regeneration             Chrm/Necr      #.........   95%         3    ####...
 Flame Tongue             Conj/Fire      #....        65%         1    ##.....
 Inner Flame              Hex/Fire       #.......     95%         3    ####...


Dungeon Overview and Level Annotations

Branches:
Dungeon (7/15)             Temple (0/1) D:5

Altars:
Fedhas
Kikubaaqudgha
Makhleb
Uskayaw
The Shining One


Message History

You open the door. 3 wights come into view.
A wight is wielding a war axe of freezing.
The wight barely misses you.
There is an open door here.
Unknown command.
You feel very mighty all of a sudden. The wight hits you with a dire flail.
You feel drained. The wight hits you with a short sword.
You barely miss the wight. You slash the wight!
The wight hits you with a dire flail! The wight barely misses you.
Unknown command.
You closely miss the wight.
The wight is heavily damaged.
You hit the wight. You slash the wight! The wight hits you with a dire flail!
* * * LOW HITPOINT WARNING * * *
The wight hits you with a war axe of freezing!
* * * LOW HITPOINT WARNING * * *
You feel drained.
You die...

....+.... #....
...#[.. +....
#.##..# ####....
#.##..#####......#
#.........'......#
+.........#......#
#.((......#......#
#.........#......#
#@#########......#
......zzz..#
###+#...
...........# ...
...........# ...
...........# ..
...........#
...........+
...........#


You could see 3 wights.

Vanquished Creatures
  A centaur (D:6)
  A howler monkey (D:4)
  A centaur zombie (D:6)
  A bullfrog zombie (D:6)
  An orc priest (D:6)
  2 hounds
  4 orc wizards
  A hound zombie (D:6)
  A gnoll (D:1)
  7 adders
  2 shadow imps (D:6)
  An adder skeleton (D:4)
  A dart slug (D:3)
  A leopard gecko (D:2)
  15 orcs
  A ball python (D:3)
  2 bats (D:3)
  4 giant cockroaches
  2 hobgoblins (D:1)
  3 quokkas
  2 frilled lizards
  3 goblins
  5 kobolds
  A leopard gecko zombie (D:6)
  4 rats
67 creatures vanquished.

Notes
Turn   | Place    | Note
-------+----------+-------------------------------------------
     0 | D:1      | 4thArraOfDagon the Hill Orc Fighter began the quest for the Orb.
     0 | D:1      | Reached XP level 1. HP: 19/19 MP: 1/1
    47 | D:1      | Reached skill level 3 in Axes
   100 | D:1      | Reached XP level 2. HP: 24/27 MP: 2/2
   174 | D:1      | Reached XP level 3. HP: 29/33 MP: 3/3
   240 | D:3      | Reached skill level 4 in Axes
   283 | D:3      | Found a blossoming altar of Fedhas.
   283 | D:3      | Found an ancient bone altar of Kikubaaqudgha.
   287 | D:3      | Noticed a hand axe
   289 | D:3      | Noticed a hand axe
   293 | D:3      | Reached XP level 4. HP: 36/40 MP: 4/4
   297 | D:3      | Found a hide-covered altar of Uskayaw.
   316 | D:3      | Became a worshipper of Uskayaw the Reveler
   322 | D:3      | Reached * piety under Uskayaw
   362 | D:3      | Reached ** piety under Uskayaw
   366 | D:3      | Reached *** piety under Uskayaw
   368 | D:3      | Reached **** piety under Uskayaw
   371 | D:3      | Reached skill level 5 in Axes
   371 | D:3      | Reached skill level 1 in Invocations
   371 | D:3      | Reached XP level 5. HP: 28/47 MP: 5/5
   616 | D:4      | Learned a level 4 spell: Sticky Flame
   689 | D:4      | Found a glowing golden altar of the Shining One.
   689 | D:4      | Noticed a sky beast
   789 | D:5      | Entered Level 5 of the Dungeon
   794 | D:5      | Reached XP level 6. HP: 55/55 MP: 7/7
   823 | D:5      | Found a staircase to the Ecumenical Temple.
   974 | D:6      | Reached skill level 5 in Fighting
   974 | D:6      | Reached skill level 6 in Axes
  1043 | D:6      | Found a burning altar of Makhleb.
  1060 | D:6      | Reached XP level 7. HP: 33/61 MP: 9/9
  1107 | D:6      | Reached skill level 5 in Armour
  1186 | D:7      | HP: 1/61 [wight/war axe of freezing (14)]
  1186 | D:7      | Slain by a wight

Vault maps used:
D:1:      onia_arrival_larder
D:3:      grunt_temple_overflow_growth_and_decay, dancing_weapons_uskayaw,
          first_ration
D:4:      old_standard_altar, kennysheep_little_box, uniq_robin
D:5:      kennysheep_mini_moat, minmay_temple_entry_overgrown,
          kennysheep_another_room, okawaru_altar_gauntlet_db,
          uniq_prince_ribbit1
D:6:      grunt_temple_overflow_open, nicolae_overflow_crystal_walls,
          st_stairs_9
D:7:      lemuel_doored_altar, basic_altar, uniq_pikel

Skill      XL: |  1  2  3  4  5  6  7 |
---------------+----------------------+-----
Axes           | 3 4 5 6 |  6.9
Fighting       | 4 5 |  5.5
Armour         | 4 5 |  5.0
Invocations    | 1 2 3 |  3.4
Shields        | |  3.2
Fire Magic     | |  0.1

Action                   |  1- 3 |  4- 6 |  7- 9 || total
-------------------------+-------+-------+-------++-------
Melee: War axe           |    56 |   126 |    29 ||   211
Invok: Stomp             |       |     1 |       ||     1
  Use: Potion            |       |     1 |     3 ||     4
       Scroll            |       |       |     3 ||     3
 Stab: Paralysed         |       |     5 |     2 ||     7
  Eat: Chunk             |       |     1 |       ||     1
Armor: Scale mail        |    47 |    76 |    11 ||   134
Dodge: Dodged            |    51 |    73 |    21 ||   145

Table legend:
 A = Spawn XP
 B = Non-spawn XP
 C = Spawn XP percentage of total XP
 D = Spawn monster count
 E = Non-spawn monster count
 F = Spawn count percentage of total count
 G = Total turns spent on level
                    A         B        C        D         E        F      G
               +---------+---------+-------+---------+---------+-------+---------
         Total |       0 |     788 |   0.0 |       0 |      67 |   0.0 |  1186
               +---------+---------+-------+---------+---------+-------+---------
           D:1 |       0 |      37 |   0.0 |       0 |      15 |   0.0 |   192
           D:2 |       0 |       3 |   0.0 |       0 |       1 |   0.0 |    33
           D:3 |       0 |     149 |   0.0 |       0 |      17 |   0.0 |   298
           D:4 |       0 |     121 |   0.0 |       0 |       7 |   0.0 |   266
           D:5 |       0 |      82 |   0.0 |       0 |       8 |   0.0 |   159
           D:6 |       0 |     396 |   0.0 |       0 |      19 |   0.0 |   179
               +---------+---------+-------+---------+---------+-------+---------
